 Dungeon Crawl Stone Soup version 0.29.0-13-gc9e81de378 (webtiles) character file.

Game seed: 3008798037112659882

5 Descartes the Shooter (level 1, 0/13 HPs)
             Began as a Formicid Wanderer on Sept 9, 2022.
             Slain by a kobold
             ... wielding a +0 whip
              (5 damage)
             ... on level 2 of the Dungeon.
             The game lasted 00:01:17 (805 turns).

Descartes the Shooter (Formicid Wanderer)            Turns: 805, Time: 00:01:17

Health: 0/13       AC:  4    Str: 18    XL:     1   Next: 88%
Magic:  2/2        EV: 11    Int: 10    God:
Gold:   26         SH:  0    Dex: 12    Spells: 1/2 levels left

rFire   . . .      SeeInvis +   b - +0 club
rCold   . . .      Faith    .   (no shield)
rNeg    . . .      Spirit   .   d - +0 leather armour
rPois   .          Reflect  .   (helmet unavailable)
rElec   .          Harm     .   m - +0 cloak
rCorr   .          Rampage  .   (no gloves)
Will    .....                   (no boots)
Stlth   +.........              (no amulet)
HPRegen 0.04/turn               (no ring)
MPRegen 0.08/turn               (no ring)

@: no status effects
A: permanent stasis, dig shafts and tunnels, antennae 3, four strong arms
a: Dig, Shaft Self


You were on level 2 of the Dungeon.
You visited 1 branch of the dungeon, and saw 2 of its levels.

You collected 26 gold pieces.

Inventory:

Hand Weapons
 a - a +2 sling
 b - a +0 club (weapon)
Missiles
 j - 6 stones
 k - 4 javelins
Armour
 d - a +0 leather armour (worn)
 m - a +0 cloak (worn)
Jewellery
 i - a ring of willpower
Scrolls
 e - a scroll of immolation {unknown}
 g - a scroll of identify {unknown}
 h - a scroll of blinking {unknown}
 n - 3 scrolls of vulnerability {unknown}
Potions
 c - a potion of curing
 f - a potion of ambrosia {unknown}
 l - a potion of attraction {unknown}


   Skills:
 + Level 0.3(0.5) Axes
 + Level 0.3(0.4) Maces & Flails
 + Level 0.3(0.4) Polearms
 - Level 4.0 Ranged Weapons
 + Level 0.3 Armour
 - Level 1.7 Dodging
 - Level 1.2 Stealth
 + Level 0.5 Shields
 - Level 1.1 Spellcasting
 - Level 2.4 Hexes


You had one spell level left.
You knew the following spells:

 Your Spells              Type           Power      Damage    Failure   Level
a - Slow                  Hex            20%        N/A       16%         1

Your spell library contained the following spells:

 Spells                   Type           Power      Damage    Failure   Level
 Sandblast                Erth           0%         2d4       38%         1
 Passwall                 Tmut/Erth      0%         N/A       52%         2
 Portal Projectile        Hex/Tloc       4%         N/A       58%         3
 Stone Arrow              Conj/Erth      0%         3d7       77%         3


Dungeon Overview and Level Annotations

Branches:
Dungeon (2/15)

Altars:


Innate Abilities, Weirdness & Mutations

You cannot be hasted, slowed, berserked, paralysed or teleported.
You can dig through walls and to a lower floor.
You have a pair of large antennae on your head. (SInv)
Your four strong arms can wield two-handed weapons with a shield.


Message History

You now have 18 gold pieces (gained 11).
An endoplasm comes into view.
You shoot a sling bullet. The sling bullet hits the endoplasm.
The endoplasm is lightly wounded.
You shoot a sling bullet. The sling bullet hits the endoplasm.
You kill the endoplasm!
You now have 26 gold pieces (gained 8).
A giant cockroach comes into view.
You shoot a sling bullet.
The sling bullet hits the giant cockroach.
You kill the giant cockroach!
No target in view!
n - 3 scrolls labelled DAKLOKLYAR Done exploring.
Done exploring.
There is a stone staircase leading down here.
You climb downwards.
The kobold shouts!
There is a stone staircase leading up here.
You shoot a sling bullet.
The sling bullet closely misses the kobold.
You shoot a sling bullet. The sling bullet hits the kobold.
The kobold is moderately wounded.
You shoot a sling bullet.
The sling bullet barely misses the kobold.
The kobold barely misses you.
You shoot a sling bullet.
The sling bullet barely misses the kobold.
The kobold hits you with a +0 whip. The kobold closely misses you.
b - a +0 club (weapon)
You closely miss the kobold.
The kobold is moderately wounded.
The kobold closely misses you.
You miss the kobold.
The kobold is moderately wounded.
The kobold hits you with a +0 whip. x2
You hit the kobold.
The kobold is severely wounded.
The kobold hits you with a +0 whip.
You die...

.# .# # ..
#.## .#
#.#.#.#
###.....##
+.....K..#
#...@#
#........#
######.###
.# #


You could see a kobold.

Vanquished Creatures
  An endoplasm (D:1)
  A giant cockroach (D:1)
  A hobgoblin (D:1)
  2 ball pythons (D:1)
5 creatures vanquished.

Notes
Turn   | Place    | Note
-------+----------+-------------------------------------------
     0 | D:1      | Descartes the Formicid Wanderer began the quest for the
                  | Orb.
     0 | D:1      | Descartes set off with the following items: a +2 sling, a
                  | +0 cloak, a potion of curing, a +0 leather armour; and the
                  | following spell memorised: Slow; and the following spells
                  | available to memorise: Portal Projectile.
     0 | D:1      | Reached XP level 1. HP: 13/13 MP: 2/2
   249 | D:1      | Found a faded altar of an unknown god.
   805 | D:2      | Slain by a kobold

Illustrated notes

Levels and vault maps discovered:
D:1:      eino_arrival_water_star, layout_basic,
          ebering_ecumenical_altar_sacrificial
D:2:      layout_loops_corners, st_stairs_3, minmay_cut_off, uniq_jessica

Action                   || total
-------------------------++-------
Melee: Club              ||     3
 Fire: Sling             ||    13
Dodge: Dodged            ||     3
